Construct Infanterie Kompanie
Selects Luftwaffe Battlegroup
Selects Luftwaffe Pioneer Support
Selects Stuka Strafing Run
Construct Luftwaffe Kompanie
Fallschirmpioneer Squad Paradrop
Selects Fallschirmjäger Squad Paradrop
Selects LG40 Recoilless Gun Paradrop
Marder III M Tank Destroyer
Fallschirmjäger Squad Paradrop
Construct Panzergrenadier Kompanie
Marder III M Tank Destroyer
Marder III M Tank Destroyer
Selects Infantry Reserves
Construct Panzer Kompanie
Fallschirmjäger Squad Paradrop